 Dungeon Crawl Stone Soup version 0.17.1-2-g5865329 (webtiles) character file.

4949 Faustar the Grappler (level 10, -22/150 HPs)
             Began as a Troll Berserker on Jan 17, 2016.
             Was a High Priest of Trog.
             Annihilated by a komodo dragon (24 damage)
             ... on level 8 of the Dungeon.
             The game lasted 00:32:06 (6197 turns).

Faustar the Grappler (Troll Berserker)              Turns: 6197, Time: 00:32:07

Health: -22/150    AC: 10    Str: 32    XL:     10   Next: 28%
Magic:  9/9        EV: 13    Int:  3    God:    Trog [*****.]
Gold:   568        SH:  0    Dex: 12    Spells: 0 memorised, 9 levels left

rFire  . . .     SeeInvis .       - Unarmed
rCold  . . .     Clarity  .     N - +2 robe {MR+}
rNeg   . . .     SustAt   +     (no shield)
rPois  +         Gourm    +     (helmet restricted)
rElec  .         Spirit   .     p - +2 cloak {rPois}
rCorr  .         Warding  .     (gloves unavailable)
rMut   .         Stasis   .     (boots unavailable)
MR     +++..                    j - amulet of faith
Stlth  ..........               n - ring of sustain attributes
                                (no ring)

@: berserking, regenerating, very quick, extremely resistant to hostile
enchantments, extremely unstealthy
A: unfitting armour, claws 3, fast metabolism 3, gourmand, regeneration 2,
shaggy fur 1, tough skin 2
a: Berserk, Trog's Hand, Brothers in Arms, Burn Spellbooks, Renounce Religion


You were on level 8 of the Dungeon.
You worshipped Trog.
Trog was extremely pleased with you.
You were not hungry.

You visited 2 branches of the dungeon, and saw 9 of its levels.

You collected 568 gold pieces.

Inventory:

Missiles
 t - 7 needles of sleeping
 y - 4 poisoned javelins (quivered)
Armour
 a - a +1 animal skin
 p - a +2 cloak of poison resistance (worn)
 L - a +0 robe of positive energy
 N - a +2 robe of magic resistance (worn)
Jewellery
 e - an uncursed ring of loudness
 i - an uncursed ring of flight {unknown}
 j - an amulet of faith (around neck)
 n - a ring of sustain attributes (right claw)
Wands
 f - a wand of frost (29)
 v - a wand of frost (48)
 J - a wand of teleportation (3)
 P - a wand of random effects (21)
Scrolls
 d - a scroll of magic mapping
 g - 9 scrolls of identify
 k - a scroll of recharging
 o - 2 scrolls of remove curse
 q - a scroll of fear
 u - a scroll of fog
 w - a scroll of noise
 x - 3 scrolls of blinking
 C - 4 scrolls of teleportation
 D - 2 scrolls of enchant armour
 K - 2 scrolls of enchant weapon
Potions
 c - 3 potions of lignification {unknown}
 h - 5 potions of heal wounds {unknown}
 m - 2 potions of curing {unknown}
 r - a potion of agility {unknown}
 z - a potion of cancellation {unknown}
 B - 3 potions of degeneration {unknown}
 F - a potion of brilliance {unknown}
 G - a potion of cure mutation {unknown}
 H - a potion of invisibility {unknown}
 I - 2 potions of poison {unknown}
 M - a potion of might
 O - a potion of berserk rage {unknown}
Comestibles
 b - 6 bread rations
 l - 5 beef jerkies
 s - 2 royal jellies
 A - a slice of pizza
 E - 5 meat rations


   Skills:
 + Level 6.9 Fighting
 + Level 0.3 Throwing
 + Level 8.4 Dodging
 - Level 1.0 Stealth
 + Level 9.4 Unarmed Combat


You had 9 spell levels left.
You didn't know any spells.

Dungeon Overview and Level Annotations

Branches:
Dungeon (8/15)             Temple (1/1) D:7
   Lair: D:8-11

Altars:
Ashenzari
Dithmenos
Gozag
Kikubaaqudgha
Qazlal
Sif Muna
Xom
The Shining One


Innate Abilities, Weirdness & Mutations

You are too large for most types of armour.
You have claws for hands.
Your metabolism is lightning-fast.
You like to eat raw meat.
You heal very quickly.
You are covered in fur (AC +1).
You have very tough skin (AC +2).


Message History

* * * LOW HITPOINT WARNING * * *
Your skin crawls.
You feel resistant to hostile enchantments.
You feel slightly more hungry. The iguana bites you!
* * * LOW HITPOINT WARNING * * *
The iguana closely misses you. The komodo dragon misses you.
The iguana barely misses you.
Your ogre goes berserk!
You feel somewhat more hungry. The iguana closely misses you.
The iguana bites you.
* * * LOW HITPOINT WARNING * * *
The iguana bites you but does no damage.
The komodo dragon barely misses you.
A red film seems to cover your vision as you go berserk!
You feel yourself moving faster!
You feel mighty!
You feel somewhat more hungry. The iguana barely misses you.
Your ogre barely misses the iguana.
The iguana bites you!
* * * LOW HITPOINT WARNING * * *
The komodo dragon bites you!!
You die...

## ### #..##..# ###.#
..#..?..##...
.#....l#..# #
......l@.%###### ### ###
...#..ll%......###.###..
###O#........###....#
#..#?###.........##
####.. ###.#####.# ###.
### ### ##


You could see a komodo dragon, 3 iguanas and a friendly ogre (berserk).

Vanquished Creatures
  The ghost of Gomorra the Skirmisher, a novice MiBe of Okawaru (D:5)
  Pikel (D:7)
  An ugly thing (D:7)
  Grinder (D:6)
  A slime creature (D:7)
  The ghost of TugoseryaHuesosov the Cutter, an amateur SpBe of Trog (D:4)
  A hippogriff (D:7)
  Menkaure (D:6)
  Edmund (D:6)
  A swamp drake (D:8)
  2 sky beasts (D:7)
  2 orc warriors (D:7)
  A black bear (D:6)
  2 centaurs
  A phantom (D:6)
  2 ogres
  3 slaves (D:7)
  A giant frog (D:6)
  A crocodile (D:8)
  A scorpion (D:5)
  8 wights
  An electric eel (D:7)
  3 killer bees (D:7)
  An orc wizard (D:3)
  2 crimson imps
  Crazy Yiuf (D:2)
  8 jellies
  2 orc priests
  A hound (D:7)
  4 iguanas
  5 worker ants
  A hound zombie (D:5)
  A hound skeleton (D:7)
  3 gnolls (D:4)
  7 adders
  2 shadow imps
  16 oozes
  An adder skeleton (D:6)
  2 worms (D:2)
  5 giant geckos
  25 orcs
  A giant cockroach (D:3)
  16 goblins
  18 hobgoblins
  6 jackals
  13 kobolds
  4 quokkas
  4 ball pythons
  6 bats
  8 giant newts
  A jackal skeleton (D:6)
  21 rats
223 creatures vanquished.

Vanquished Creatures (others)
  A human (D:5)
  A hound (D:7)
  4 fungi (D:7)
6 creatures vanquished.

Grand Total: 229 creatures vanquished

Notes
Turn   | Place    | Note
--------------------------------------------------------------
     0 | D:1      | Faustar the Troll Berserker began the quest for the Orb.
     0 | D:1      | Reached XP level 1. HP: 22/22 MP: 0/0
   256 | D:1      | Reached XP level 2. HP: 25/29 MP: 1/1
   938 | D:2      | Reached ** piety under Trog
   955 | D:2      | Reached XP level 3. HP: 36/36 MP: 2/2
  1235 | D:2      | Noticed Crazy Yiuf
  1244 | D:2      | Killed Crazy Yiuf
  1244 | D:2      | Reached XP level 4. HP: 45/45 MP: 3/3
  1609 | D:3      | Reached *** piety under Trog
  1609 | D:3      | Reached skill level 4 in Unarmed Combat
  1609 | D:3      | Reached XP level 5. HP: 53/53 MP: 4/4
  2160 | D:3      | Found an ancient bone altar of Kikubaaqudgha.
  2182 | D:3      | Found a glowing golden altar of the Shining One.
  2289 | D:4      | Noticed TugoseryaHuesosov's ghost (amateur SpBe)
  2304 | D:4      | Killed TugoseryaHuesosov's ghost
  2304 | D:4      | Reached skill level 1 in Stealth
  2304 | D:4      | Reached XP level 6. HP: 61/61 MP: 5/5
  2374 | D:4      | Received a gift from Trog
  2712 | D:4      | Reached **** piety under Trog
  3118 | D:4      | Reached skill level 5 in Unarmed Combat
  3118 | D:4      | Reached XP level 7. HP: 68/68 MP: 6/6
  3211 | D:4      | Found a shattered altar of Ashenzari.
  3228 | D:5      | Entered Level 5 of the Dungeon
  3315 | D:5      | Noticed Gomorra's ghost (novice MiBe)
  3334 | D:5      | Killed Gomorra's ghost
  3334 | D:5      | Reached skill level 5 in Dodging
  3334 | D:5      | Reached skill level 6 in Unarmed Combat
  3334 | D:5      | Reached XP level 8. HP: 51/79 MP: 7/7
  3486 | D:5      | Found an ancient bone altar of Kikubaaqudgha.
  3576 | D:5      | Noticed a human
  3578 | D:5      | Killed a human
  3662 | D:6      | Noticed Edmund
  3667 | D:6      | Killed Edmund
  3762 | D:6      | Noticed Grinder
  3770 | D:6      | Killed Grinder
  3770 | D:6      | Reached skill level 5 in Fighting
  3775 | D:6      | Reached skill level 7 in Unarmed Combat
  4192 | D:6      | Found a deep blue altar of Sif Muna.
  4369 | D:6      | Noticed Menkaure
  4378 | D:6      | Killed Menkaure
  4442 | D:6      | Reached XP level 9. HP: 79/88 MP: 8/8
  4628 | D:6      | Found a shadowy altar of Dithmenos.
  4715 | D:6      | Found a shimmering altar of Xom.
  4864 | D:7      | Noticed Pikel
  4870 | D:6      | Reached skill level 8 in Unarmed Combat
  5091 | D:7      | Received a gift from Trog
  5186 | D:7      | Identified the Incunabulum of the Oath
  5251 | D:7      | Found an opulent altar of Gozag.
  5394 | D:7      | Found a staircase to the Ecumenical Temple.
  5492 | D:7      | Noticed a purple ugly thing
  5512 | D:7      | Killed a purple ugly thing
  5521 | Temple   | Entered the Ecumenical Temple
  5640 | D:7      | Found a stormy altar of Qazlal.
  5684 | D:7      | Killed Pikel
  5684 | D:7      | Reached skill level 9 in Unarmed Combat
  5684 | D:7      | Reached XP level 10. HP: 100/100 MP: 9/9
  5897 | D:7      | Reached ***** piety under Trog
  6181 | D:8      | Noticed a komodo dragon
  6197 | D:8      | HP: 2/150 [iguana (10)]
  6197 | D:8      | Annihilated by a komodo dragon

Action                   |  1- 3 |  4- 6 |  7- 9 | 10-12 || total
-------------------------+-------+-------+-------+-------++-------
Melee: Unarmed           |    83 |   214 |   208 |    75 ||   580
Throw: Javelin           |       |       |     3 |       ||     3
Invok: Berserk           |     1 |     3 |    10 |     2 ||    16
       Trog's Hand       |     1 |     3 |     9 |     2 ||    15
       Burn Spellbooks   |       |       |     2 |       ||     2
       Brothers in Arms  |       |       |       |     1 ||     1
  Use: Scroll            |       |     1 |    12 |       ||    13
 Stab: Sleeping          |     2 |       |       |       ||     2
  Eat: Chunk             |    15 |    24 |    31 |     5 ||    75
